 Dungeon Crawl Stone Soup version 0.29-a0-284-gf9362112df (webtiles) character file.

Game seed: 8676282633327904760

84 NinjaNoafa the Skirmisher (level 4, -23/40 HPs)
             Began as a Hill Orc Fighter on Mar 28, 2022.
             Was an Initiate of Ashenzari.
             Killed by an exploding gnoll (34 damage)
             ... ignited by their inner flame
             ... on level 4 of the Dungeon.
             The game lasted 00:13:16 (1643 turns).

NinjaNoafa the Skirmisher (Hill Orc Fighter)        Turns: 1643, Time: 00:13:17

Health: -23/40     AC:  9    Str: 20    XL:     4   Next: 46%
Magic:  4/4        EV:  9    Int:  8    God:    Ashenzari [......]
Gold:   125        SH:  4    Dex: 10    Spells: 3/3 levels left

rFire   . . .      SeeInvis .   a - +0 war axe
rCold   . . .      Faith    .   c - +0 buckler
rNeg    . . .      Spirit   .   b - +1 scale mail
rPois   .          Reflect  .   (no helmet)
rElec   .          Harm     .   (no cloak)
rCorr   .          Rampage  .   e - +0 pair of gloves
Will    .....                   (no boots)
Stlth   ..........              (no amulet)
HPRegen 0.13/turn               (no ring)
MPRegen 0.09/turn               (no ring)

@: mighty
A: no striking features
a: Renounce Religion, Curse Item


You were on level 4 of the Dungeon.
You worshipped Ashenzari.
Ashenzari was noncommittal.
You visited 1 branch of the dungeon, and saw 4 of its levels.

You collected 125 gold pieces.

Inventory:

Hand Weapons
 a - a +0 war axe (weapon)
 i - a +0 hunting sling
 l - a +1 dagger of draining
Missiles
 g - 62 stones (quivered)
Armour
 b - a +1 scale mail (worn)
 c - a +0 buckler (worn)
 e - a +0 pair of gloves (worn)
Scrolls
 n - a scroll of vulnerability {unknown}


   Skills:
 + Level 4.1 Fighting
 + Level 0.1 Short Blades
 + Level 3.7 Axes
 + Level 3.9 Armour
 + Level 0.5 Dodging
 + Level 0.6 Stealth
 + Level 3.9 Shields


You had 3 spell levels left.
You didn't know any spells.
Your spell library was empty.

Dungeon Overview and Level Annotations

Branches:
Dungeon (4/15)
 Temple: D:4-7

Altars:
Ashenzari


Message History

As you read the scroll of immolation, it crumbles to dust.
The creatures around you are filled with an inner flame!
The hound bites you.
* * * LOW HITPOINT WARNING * * *
The giant cockroach barely misses you.
The gnoll hits you with a +2 whip of holy wrath.
* * * LOW HITPOINT WARNING * * *
The gnoll hits you but does no damage.
The gnoll shaman calls upon its god to speed up the gnoll.
The gnoll seems to speed up.
The gnoll closely misses you. The hound closely misses you.
It was a potion of heal wounds.
You feel much better. You block the gnoll's attack.
The giant cockroach closely misses you. The gnoll hits you but does no damage.
The gnoll shaman hits you with a +0 whip.
You block the gnoll's attack. The hound bites you.
The gnoll hits you with a +0 club.
The giant cockroach bites you but does no damage.
It was a potion of curing.
You feel better. You block the hound's attack.
The gnoll hits you but does no damage.
The gnoll hits you with a +2 whip of holy wrath.
The gnoll barely misses you.
The gnoll shaman hits you with a +0 whip.
The giant cockroach bites you. The hound bites you but does no damage.
You feel very mighty all of a sudden. The gnoll hits you but does no damage.
The gnoll hits you with a +0 flail.
The gnoll hits you with a +2 whip of holy wrath.
* * * LOW HITPOINT WARNING * * *
You block the gnoll shaman's attack. The hound closely misses you.
The giant cockroach barely misses you. You block the gnoll's attack.
You closely miss the gnoll.
The gnoll is severely wounded.
You slash the gnoll! You hit the gnoll shaman.
Flame seeps out of the gnoll shaman.
You closely miss the gnoll. You closely miss the hound.
You barely miss the giant cockroach.
The gnoll explodes!
The fiery explosion engulfs the ball python!!
The fiery explosion engulfs you!!
Ouch! That really hurt!
You die...

......S.....##.#
................
................
................
<...............
................
........§.§.#
.......gg§§.#
.......h@g§.#
.......B....#
............#
............#
............#
............#
.............
............##


You could see a gnoll shaman (inner flame), a hound (inner flame), 2 gnolls and
a giant cockroach (inner flame).

Vanquished Creatures
  2 gnolls (D:4)
  3 adders (D:2)
  2 ball pythons
  4 endoplasms
  3 giant cockroaches
  8 goblins
  3 hobgoblins (D:1)
  7 jackals (D:1)
  4 kobolds (D:1)
  A quokka (D:1)
  3 bats
  A frilled lizard (D:1)
  4 rats
45 creatures vanquished.

Notes
Turn   | Place    | Note
-------+----------+-------------------------------------------
     0 | D:1      | NinjaNoafa the Hill Orc Fighter began the quest for the
                  | Orb.
     0 | D:1      | Reached XP level 1. HP: 19/19 MP: 1/1
   314 | D:1      | Reached XP level 2. HP: 25/27 MP: 2/2
   319 | D:1      | Found a faded altar of an unknown god.
   505 | D:1      | Reached XP level 3. HP: 17/33 MP: 3/3
   775 | D:2      | Reached skill level 4 in Fighting
   838 | D:2      | Reached XP level 4. HP: 11/40 MP: 4/4
  1277 | D:1      | Prayed at the altar of an unknown god.
  1277 | D:1      | Became a worshipper of Ashenzari the Shackled
  1643 | D:4      | Killed by an exploding gnoll... ignited by their inner
                  | flame

Illustrated notes

Levels and vault maps discovered:
D:1:      psy_arrival_radial01, layout_basic, basic_ecumenical_altar
D:2:      layout_rooms
D:3:      layout_loops_ring, minivault_19, minivault_25, uniq_crazy_yiuf_cottage
D:4:      layout_basic, gup_sewer_entry_bowl

Skill      XL: |  1  2  3 |
---------------+----------+-----
Axes           | 3 |  3.7
Fighting       | 4 |  4.1
Short Blades   | |  0.1
Armour         | |  3.9
Dodging        | |  0.5
Stealth        | |  0.6
Shields        | |  3.9

Action                   |  1- 3 |  4- 6 || total
-------------------------+-------+-------++-------
Melee: War axe           |    97 |    53 ||   150
       Dagger            |    10 |       ||    10
 Fire: Hunting sling     |     3 |       ||     3
  Use: Scroll            |     1 |     4 ||     5
       Potion            |       |     3 ||     3
Armor: Scale mail        |    61 |    46 ||   107
Dodge: Dodged            |    50 |    53 ||   103
Block: Buckler           |    31 |    24 ||    55

Table legend: (Time is in decaauts)
 A = Elapsed time spent in this place.
 B = Non-inter-level travel time spent in this place.
 C = Inter-level travel time spent in this place.
 D = Time resting spent in this place.
 E = Time spent auto-exploring this place.
 F = Levels seen in this place.
 G = Mean time per level.
                   A        B        C        D        E       F      G
               +--------+--------+--------+--------+--------+-----+--------+
         Total |   1699 |   1699 |      0 |    523 |      0 |   4 |  424.8 |
       Dungeon |   1699 |   1699 |      0 |    523 |      0 |   4 |  424.8 |
               +--------+--------+--------+--------+--------+-----+--------+

Top non-repeatable levels by time:
     D:1: 1145 daAuts
     D:2: 460 daAuts
     D:3: 75 daAuts
     D:4: 18 daAuts
